PIO (24 & UNDER)
SURREY SINNERS @ SASKATOON SMOKIN' GUNS
06/18/2030
 
TOP OF THE 1ST
Surrey Sinners batting - Pitching for Saskatoon Smokin' Guns : RHP Carlos Ortíz
Pitching: RHP Carlos Ortíz
Batting: LHB Martín Garza 0-0: Called Strike
0-1: Foul Ball, location: 2F
0-2: Ball
1-2: Ball
2-2: Ball
3-2: Base on Balls
Batting: LHB Robert Mann 0-0: Ball
1-0: Fly out, F7 (Flyball, 78D)
Batting: LHB Pedro Fernández 0-0: Ground out 5-3 (Groundball, 25)
Martín Garza to second
Batting: RHB Robert Sipple 0-0: Ball
1-0: Ground out 6-3 (Groundball, 6)
Top of the 1st over - 0 runs, 0 hits, 0 errors, 1 left on base; Surrey 0 - Saskatoon 0
BOTTOM OF THE 1ST
Saskatoon Smokin' Guns batting - Pitching for Surrey Sinners : RHP Augusto Molina
Pitching: RHP Augusto Molina
Batting: RHB Luis Suárez 0-0: Swinging Strike
0-1: Swinging Strike
0-2: Ground out 6-3 (Groundball, 6)
Batting: RHB Lyle Johnston 0-0: Swinging Strike
0-1: Called Strike
0-2: Ground out 6-3 (Groundball, 6S)
Batting: LHB José Domínguez 0-0: Called Strike
0-1: Swinging Strike
0-2: Ball
1-2: Foul Ball, location: 2F
1-2: Foul Ball, location: 2F
1-2: Ball
2-2: Foul Ball, location: 2F
2-2: Foul Ball, location: 2F
2-2: Hit by Pitch
Batting: LHB Rubén Salazar 0-0: Ball
1-0: Foul Ball, location: 2F
1-1: Foul Ball, location: 2F
1-2: Ball
2-2: Ball
3-2: SINGLE (Groundball, 4S) (infield hit)
José Domínguez to second
Batting: RHB Artie Turner 0-0: Called Strike
0-1: Ball
1-1: Foul Ball, location: 2F
1-2: Ball
2-2: Ball
3-2: Foul Ball, location: 2F
3-2: Foul Ball, location: 2F
3-2: Base on Balls
José Domínguez to third
Rubén Salazar to second
Batting: RHB Sebastiăo Batissela 0-0: Called Strike
0-1: Foul Ball, location: 2F
0-2: Ball
1-2: Ball
2-2: Foul Ball, location: 2F
2-2: Ball
3-2: Fly out, F9 (Flyball, 9S)
Bottom of the 1st over - 0 runs, 1 hit, 0 errors, 3 left on base; Surrey 0 - Saskatoon 0
TOP OF THE 2ND
Surrey Sinners batting - Pitching for Saskatoon Smokin' Guns : RHP Carlos Ortíz
Batting: RHB Christian Porter 0-0: SINGLE (Line Drive, 3D)
Batting: RHB Jorge Barrios 0-0: Foul Ball, location: 2F
0-1: Ball
1-1: Ball
2-1: Called Strike
2-2: Fly out, F3 (Line Drive, 3S)
Batting: RHB Don Jackson 0-0: Called Strike
0-1: Called Strike
0-2: Strikes out looking
Christian Porter is caught stealing 2nd base
Batter strikes out.
Top of the 2nd over - 0 runs, 1 hit, 0 errors, 0 left on base; Surrey 0 - Saskatoon 0
BOTTOM OF THE 2ND
Saskatoon Smokin' Guns batting - Pitching for Surrey Sinners : RHP Augusto Molina
Batting: SHB Pedro Rodríguez 0-0: Ball
1-0: Called Strike
1-1: Foul Ball, location: 2F
1-2: Ball
2-2: Ball
3-2: Base on Balls
Batting: RHB Roberto García 0-0: Ball
1-0: Foul Ball, location: 2F
1-1: Called Strike
1-2: Foul Ball, location: 2F
1-2: Strikes out looking
Batting: SHB Tetsu Yamada 0-0: Ball
1-0: Ball
2-0: Swinging Strike
2-1: Foul Ball, location: 2F
2-2: Foul Ball, location: 2F
2-2: Foul Ball, location: 2F
2-2: Ball
3-2: Strikes out swinging
Pedro Rodríguez steals 2nd base
Batter strikes out.
Batting: RHB Luis Suárez 0-0: Foul Ball, location: 2F
0-1: Ball
1-1: Foul Ball, location: 2F
1-2: Strikes out swinging
Bottom of the 2nd over - 0 runs, 0 hits, 0 errors, 1 left on base; Surrey 0 - Saskatoon 0
TOP OF THE 3RD
Surrey Sinners batting - Pitching for Saskatoon Smokin' Guns : RHP Carlos Ortíz
Batting: SHB Ed Nelson 0-0: Ball
1-0: Ball
2-0: Ground out U3 (Groundball, 3L)
Batting: SHB Luis Días 0-0: Hit by Pitch
Batting: LHB Martín Garza 0-0: Ball
1-0: Called Strike
1-1: Ball
2-1: Foul Ball, location: 2F
2-2: Ball
3-2: Foul Ball, location: 2F
3-2: Foul Ball, location: 2F
3-2: Fly out, F9 (Flyball, 9LMF)
Batting: LHB Robert Mann 0-0: Ball
1-0: Ball
2-0: Called Strike
2-1: Called Strike
Luis Días steals 2nd base
2-2: Foul Ball, location: 2F
2-2: 2-RUN HOME RUN (Flyball, 89XD), Distance : 458 ft
Batting: LHB Pedro Fernández 0-0: Ball
1-0: Swinging Strike
1-1: Ball
2-1: Foul Ball, location: 2F
2-2: Ball
3-2: Foul Ball, location: 2F
3-2: Ground out 6-3 (Groundball, 6MS)
Top of the 3rd over - 2 runs, 1 hit, 0 errors, 0 left on base; Surrey 2 - Saskatoon 0
BOTTOM OF THE 3RD
Saskatoon Smokin' Guns batting - Pitching for Surrey Sinners : RHP Augusto Molina
Batting: RHB Lyle Johnston 0-0: Ball
1-0: Ball
2-0: Ball
3-0: Base on Balls
Batting: LHB José Domínguez 0-0: Ball
1-0: Called Strike
1-1: Ball
2-1: Grounds into double play, 6-4-3 (Groundball, 6)
Batting: LHB Rubén Salazar 0-0: Swinging Strike
0-1: Ball
1-1: Ball
2-1: Ball
3-1: Base on Balls
Batting: RHB Artie Turner 0-0: Called Strike
0-1: Ground out 5-3 (Groundball, 56)
Bottom of the 3rd over - 0 runs, 0 hits, 0 errors, 1 left on base; Surrey 2 - Saskatoon 0
TOP OF THE 4TH
Surrey Sinners batting - Pitching for Saskatoon Smokin' Guns : RHP Carlos Ortíz
Batting: RHB Robert Sipple 0-0: Called Strike
0-1: Ball
1-1: Foul Ball, location: 2F
1-2: Strikes out swinging
Batting: RHB Christian Porter 0-0: Ball
1-0: Ground out 4-3 (Groundball, 4)
Batting: RHB Jorge Barrios 0-0: Called Strike
0-1: Foul Ball, location: 2F
0-2: Ball
1-2: Strikes out swinging
Top of the 4th over - 0 runs, 0 hits, 0 errors, 0 left on base; Surrey 2 - Saskatoon 0
BOTTOM OF THE 4TH
Saskatoon Smokin' Guns batting - Pitching for Surrey Sinners : RHP Augusto Molina
Batting: RHB Sebastiăo Batissela 0-0: Called Strike
0-1: Foul Ball, location: 2F
0-2: Ball
1-2: Strikes out looking
Batting: SHB Pedro Rodríguez 0-0: Ball
1-0: Swinging Strike
1-1: Fly out, F5 (Popup, 5)
Batting: RHB Roberto García 0-0: Called Strike
0-1: Foul Ball, location: 2F
0-2: Strikes out swinging
Bottom of the 4th over - 0 runs, 0 hits, 0 errors, 0 left on base; Surrey 2 - Saskatoon 0
TOP OF THE 5TH
Surrey Sinners batting - Pitching for Saskatoon Smokin' Guns : RHP Carlos Ortíz
Batting: RHB Don Jackson 0-0: Called Strike
0-1: SINGLE (Line Drive, 4)
Batting: SHB Ed Nelson 0-0: Called Strike
Don Jackson is caught stealing 2nd base
0-1: Ball
1-1: Ball
2-1: Ground out 4-3 (Groundball, 4)
Batting: SHB Luis Días 0-0: Ball
1-0: Ground out 4-3 (Groundball, 4)
Top of the 5th over - 0 runs, 1 hit, 0 errors, 0 left on base; Surrey 2 - Saskatoon 0
BOTTOM OF THE 5TH
Saskatoon Smokin' Guns batting - Pitching for Surrey Sinners : RHP Augusto Molina
Batting: SHB Tetsu Yamada 0-0: Ball
1-0: Foul Ball, location: 2F
1-1: Foul Ball, location: 2F
1-2: Strikes out looking
Batting: RHB Luis Suárez 0-0: Ball
1-0: SINGLE (Line Drive, 7S)
Batting: RHB Lyle Johnston 0-0: Ball
1-0: Ball
Luis Suárez steals 2nd base
2-0: Called Strike
2-1: Called Strike
Luis Suárez steals 3rd base
2-2: Foul Ball, location: 2F
2-2: Strikes out swinging
Batting: LHB José Domínguez 0-0: DOUBLE (Flyball, 89XD)
Luis Suárez scores
Batting: LHB Rubén Salazar 0-0: Ball
1-0: Ball
2-0: Ball
Wild Pitch!
José Domínguez to third
3-0: Called Strike
3-1: SINGLE (Groundball, 15) (infield hit)
José Domínguez scores
Batting: RHB Artie Turner 0-0: Called Strike
0-1: SINGLE (Groundball, 56S) (infield hit)
Rubén Salazar to second
Pitching: RHP Manuel Colón
Batting: RHB Sebastiăo Batissela 0-0: Foul Ball, location: 2F
0-1: Swinging Strike
0-2: Foul Ball, location: 2F
0-2: Ball
1-2: Ball
2-2: Strikes out looking
Bottom of the 5th over - 2 runs, 4 hits, 0 errors, 2 left on base; Surrey 2 - Saskatoon 2
TOP OF THE 6TH
Surrey Sinners batting - Pitching for Saskatoon Smokin' Guns : RHP Carlos Ortíz
Batting: LHB Martín Garza 0-0: Ball
1-0: Swinging Strike
1-1: Foul Ball, location: 2F
1-2: SINGLE (Groundball, 34D)
Batting: LHB Robert Mann 0-0: Ball
1-0: Fly out, F8 (Flyball, 8LM)
Batting: LHB Pedro Fernández 0-0: Swinging Strike
0-1: Ball
1-1: Ball
2-1: Called Strike
2-2: Strikes out looking
Batting: RHB Robert Sipple 0-0: Ball
1-0: Ball
2-0: Ball
3-0: Called Strike
3-1: Hit by Pitch
Martín Garza to second
Batting: RHB Christian Porter 0-0: Foul Ball, location: 2F
0-1: Ball
1-1: Called Strike
1-2: Ball
2-2: Strikes out looking
Top of the 6th over - 0 runs, 1 hit, 0 errors, 2 left on base; Surrey 2 - Saskatoon 2
BOTTOM OF THE 6TH
Saskatoon Smokin' Guns batting - Pitching for Surrey Sinners : RHP Manuel Colón
Batting: SHB Pedro Rodríguez 0-0: Ball
1-0: Bunt for hit - play at first, batter OUT! 1-3
Batting: RHB Roberto García 0-0: SINGLE (Groundball, 56S) (infield hit)
Batting: SHB Tetsu Yamada 0-0: Swinging Strike
0-1: DOUBLE (Line Drive, 89D)
Roberto García to third
Runner from 3rd tries for Home, SAFE, no throw
Batting: RHB Luis Suárez 0-0: Ball
1-0: Ball
2-0: SINGLE (Flyball, 7S)
Tetsu Yamada to third
Runner from 3rd tries for Home, SAFE, no throw
Batting: RHB Lyle Johnston 0-0: Ball
1-0: Swinging Strike
1-1: Called Strike
1-2: Foul Ball, location: 2F
1-2: Ball
Luis Suárez steals 2nd base
2-2: Strikes out swinging
Batting: LHB José Domínguez 0-0: Called Strike
0-1: Ball
1-1: Called Strike
1-2: Ball
2-2: Ground out U3 (Groundball, 3L)
Bottom of the 6th over - 2 runs, 3 hits, 0 errors, 1 left on base; Surrey 2 - Saskatoon 4
TOP OF THE 7TH
Surrey Sinners batting - Pitching for Saskatoon Smokin' Guns : RHP Carlos Ortíz
Batting: RHB Jorge Barrios 0-0: Called Strike
0-1: Called Strike
0-2: Strikes out swinging
Batting: RHB Don Jackson 0-0: Called Strike
0-1: Ball
1-1: Foul Ball, location: 2F
1-2: Ball
2-2: Ball
3-2: Foul Ball, location: 2F
3-2: Ground out 6-3 (Groundball, 6)
Batting: SHB Ed Nelson 0-0: Ball
1-0: Called Strike
1-1: Ground out 3-1 (Groundball, 34)
Top of the 7th over - 0 runs, 0 hits, 0 errors, 0 left on base; Surrey 2 - Saskatoon 4
BOTTOM OF THE 7TH
Saskatoon Smokin' Guns batting - Pitching for Surrey Sinners : RHP Manuel Colón
Batting: LHB Rubén Salazar 0-0: Ball
1-0: Swinging Strike
1-1: Ball
2-1: Foul Ball, location: 2F
2-2: Ground out 4-3 (Groundball, 4MD)
Batting: RHB Artie Turner 0-0: Ball
1-0: Called Strike
1-1: Foul Ball, location: 2F
1-2: Ball
2-2: Strikes out looking
Batting: RHB Sebastiăo Batissela 0-0: Fly out, F6 (Popup, P)
Bottom of the 7th over - 0 runs, 0 hits, 0 errors, 0 left on base; Surrey 2 - Saskatoon 4
TOP OF THE 8TH
Surrey Sinners batting - Pitching for Saskatoon Smokin' Guns : RHP Carlos Ortíz
Pitching: RHP Ismael Ramírez
Batting: SHB Luis Días 0-0: Called Strike
0-1: Ball
1-1: Swinging Strike
1-2: Strikes out looking
Batting: LHB Martín Garza 0-0: Foul Ball, location: 2F
0-1: Fly out, F8 (Line Drive, 78M)
Batting: LHB Robert Mann 0-0: Called Strike
0-1: Swinging Strike
0-2: Ball
1-2: Strikes out looking
Top of the 8th over - 0 runs, 0 hits, 0 errors, 0 left on base; Surrey 2 - Saskatoon 4
BOTTOM OF THE 8TH
Saskatoon Smokin' Guns batting - Pitching for Surrey Sinners : RHP Manuel Colón
Batting: SHB Pedro Rodríguez 0-0: Fly out, F9 (Flyball, 9S)
Batting: RHB Roberto García 0-0: Swinging Strike
0-1: Ball
1-1: SINGLE (Groundball, 56D)
Batting: SHB Tetsu Yamada 0-0: Ball
1-0: SINGLE (Groundball, 56S) (infield hit)
Roberto García to second
Pinch Hitting: LHB Ben Donaldson 0-0: Ball
1-0: Called Strike
1-1: Ball
2-1: Swinging Strike
2-2: Foul Ball, location: 2F
2-2: Ball
3-2: Foul Ball, location: 2F
3-2: Strikes out swinging
Batting: RHB Lyle Johnston 0-0: Ground out 4-3 (Groundball, 34)
Bottom of the 8th over - 0 runs, 2 hits, 0 errors, 2 left on base; Surrey 2 - Saskatoon 4
TOP OF THE 9TH
Surrey Sinners batting - Pitching for Saskatoon Smokin' Guns : RHP Ismael Ramírez
Now in LF: Ben Donaldson
Batting: LHB Pedro Fernández 0-0: Ball
1-0: Called Strike
1-1: Swinging Strike
1-2: SINGLE (Flyball, 7S)
Pinch Hitting: RHB Pat Simms 0-0: Foul Ball, location: 2F
0-1: 2-RUN HOME RUN (Flyball, 78XD), Distance : 458 ft
Pitching: RHP Miguel Reyes
Batting: RHB Christian Porter 0-0: Called Strike
0-1: Called Strike
0-2: Strikes out swinging
Batting: RHB Jorge Barrios 0-0: Ball
1-0: Ball
2-0: Ball
3-0: Base on Balls
Pinch Runner at 1st Jeff Buck:
Pinch Hitting: LHB Joe Spears 0-0: Ball
1-0: Called Strike
1-1: Ball
2-1: Ball
Jeff Buck steals 2nd base
3-1: Called Strike
3-2: Foul Ball, location: 2F
3-2: Fly out, F9 (Flyball, 9)
Batting: SHB Ed Nelson 0-0: Ball
Wild Pitch!
Jeff Buck to third
1-0: Ball
2-0: Ball
3-0: Called Strike
3-1: Base on Balls
Pinch Hitting: RHB Dennis House 0-0: Ball
1-0: Called Strike
1-1: Swinging Strike
1-2: Fly out, F8 (Flyball, 8RM)
Top of the 9th over - 2 runs, 2 hits, 0 errors, 2 left on base; Surrey 4 - Saskatoon 4
BOTTOM OF THE 9TH
Saskatoon Smokin' Guns batting - Pitching for Surrey Sinners : RHP Manuel Colón
Now at 3B: Joe Spears
Now at SS: Dennis House
Now in RF: Pat Simms
Batting: LHB José Domínguez 0-0: Ball
1-0: Fly out, F1 (Line Drive, 13)
Batting: LHB Rubén Salazar 0-0: Ball
1-0: Called Strike
1-1: SINGLE (Groundball, 56D)
Batting: RHB Artie Turner 0-0: Ball
1-0: Ball
2-0: Ball
3-0: Base on Balls
Rubén Salazar to second
Pinch Hitting: LHB Jim Hall 0-0: Called Strike
0-1: Ball
1-1: Swinging Strike
1-2: Strikes out looking
Batting: SHB Pedro Rodríguez 0-0: Ball
1-0: Called Strike
1-1: Ball
2-1: Foul Ball, location: 2F
2-2: Strikes out swinging
Bottom of the 9th over - 0 runs, 1 hit, 0 errors, 2 left on base; Surrey 4 - Saskatoon 4
TOP OF THE 10TH
Surrey Sinners batting - Pitching for Saskatoon Smokin' Guns : RHP Miguel Reyes
Now at 3B: Mathew Olson
Batting: LHB Martín Garza 0-0: Called Strike
0-1: Foul Ball, location: 2F
0-2: Ball
1-2: SINGLE (Flyball, 8RS)
Batting: LHB Robert Mann 0-0: Called Strike
0-1: Ball
1-1: Ball
2-1: Ball
3-1: Foul Ball, location: 2F
3-2: Fly out, F9 (Flyball, 9LDF)
Runner from 1st tags up, SAFE at 2nd
Batting: LHB Pedro Fernández 0-0: Called Strike
0-1: Ball
1-1: Ball
2-1: Ball
3-1: Base on Balls
Batting: RHB Pat Simms 0-0: Hit by Pitch
Martín Garza to third
Pedro Fernández to second
Batting: RHB Christian Porter 0-0: Called Strike
0-1: Ball
1-1: Ball
2-1: Foul Ball, location: 2F
2-2: Ball
3-2: Foul Ball, location: 2F
3-2: Foul Ball, location: 2F
3-2: Base on Balls
Martín Garza scores
Pedro Fernández to third
Pat Simms to second
Batting: RHB Jeff Buck 0-0: Swinging Strike
0-1: Foul Ball, location: 2F
0-2: Fly out, F3 (Popup, 3SF)
Batting: LHB Joe Spears 0-0: Ball
1-0: SINGLE (Line Drive, 4M)
Pedro Fernández scores
Pat Simms to third
Christian Porter to second
Runner from 3rd tries for Home, SAFE, throw made home
Pitching: LHP Ray Karl
Batting: SHB Ed Nelson 0-0: Ball
1-0: Fly out, F4 (Line Drive, 4M)
Top of the 10th over - 3 runs, 2 hits, 0 errors, 2 left on base; Surrey 7 - Saskatoon 4
BOTTOM OF THE 10TH
Saskatoon Smokin' Guns batting - Pitching for Surrey Sinners : RHP Manuel Colón
Pitching: LHP Anthony Blackwell
Now in RF: Jake Townsend
Batting: RHB Roberto García 0-0: Ball
1-0: Foul Ball, location: 2F
1-1: Swinging Strike
1-2: Foul Ball, location: 2F
1-2: Strikes out swinging
Batting: SHB Tetsu Yamada 0-0: Swinging Strike
0-1: Foul Ball, location: 2F
0-2: Ball
1-2: Ball
2-2: Ball
3-2: Strikes out looking
Batting: LHB Ben Donaldson 0-0: SINGLE (Line Drive, 4M)
Batting: RHB Lyle Johnston 0-0: Ball
1-0: Ball
2-0: Called Strike
2-1: Foul Ball, location: 2F
2-2: Ball
3-2: Ground out U3 (Groundball, 3L)
Bottom of the 10th over - 0 runs, 1 hit, 0 errors, 1 left on base; Surrey 7 - Saskatoon 4
Saturday, April 7th, 2018 - OOTP Baseball 18.8 Build 76